 Dungeon Crawl Stone Soup version 0.28-a0-580-ga2639ab843 (webtiles) character file.

Game seed: 30186337448137801

453 oldriver the Cudgeller (level 7, -11/39 HPs)
             Began as a Gargoyle Fighter on Oct 3, 2021.
             Was an Initiate of Qazlal.
             Blown up by an orc wizard (26 damage)
             ... with a mindburst bolt
             ... on level 8 of the Dungeon.
             The game lasted 00:05:16 (5979 turns).

oldriver the Cudgeller (Gargoyle Fighter)           Turns: 5979, Time: 00:05:17

Health: -11/39     AC: 13    Str: 17 (20) XL:     7   Next: 5%
Magic:  7/7        EV:  9    Int:  5 (8)  God:    Qazlal [......]
Gold:   160        SH:  4    Dex:  9 (11) Spells: 6/6 levels left

rFire   . . .      SeeInvis .   v - +1 mace (freeze)
rCold   . . .      Faith    .   c - +0 buckler
rNeg    + . .      Spirit   .   b - +1 scale mail
rPois   ∞          Reflect  .   i - +0 hat
rElec   +          Harm     .   (no cloak)
rCorr   .          Rampage  .   (no gloves)
Will    .....                   (no boots)
Stlth   ..........              (no amulet)
HPRegen 0.13/turn               (no ring)
MPRegen 0.10/turn               (no ring)

@: hasted, very quick
A: sickness immunity, AC +4, negative energy resistance 1, electricity
resistance, torment resistance 1, petrification resistance, frail 1, high mp 1,
no potion heal 1
a: Renounce Religion


You were on level 8 of the Dungeon.
You worshipped Qazlal.
Qazlal was noncommittal.
You visited 2 branches of the dungeon, and saw 7 of its levels.

You collected 160 gold pieces.

Inventory:

Hand Weapons
 a - a +0 flail
 v - a +1 mace of freezing (weapon)
Armour
 b - a +1 scale mail (worn)
 c - a +0 buckler (worn)
 i - a +0 hat (worn)
Scrolls
 e - 2 scrolls of torment {unknown}
 g - 3 scrolls of teleportation {unknown}
 h - 2 scrolls of identify {unknown}
 k - 3 scrolls of amnesia {unknown}
 l - a scroll of enchant armour
 o - a scroll of summoning {unknown}
 q - a scroll of silence {unknown}
 r - 2 scrolls of vulnerability {unknown}
 s - a scroll of fear {unknown}
 t - 2 scrolls of magic mapping {unknown}
Potions
 f - a potion of degeneration
 m - a potion of brilliance
 n - a potion of curing


   Skills:
 + Level 4.4 Fighting
 + Level 5.1 Maces & Flails
 + Level 4.9 Armour
 + Level 1.1 Dodging
 + Level 0.2 Stealth
 + Level 4.0 Shields


You had 6 spell levels left.
You didn't know any spells.
Your spell library contained the following spells:

 Spells                   Type           Power      Damage    Failure   Level
 Inner Flame              Hex/Fire       0%         N/A       99%         3
 Tukima's Dance           Hex            0%         N/A       99%         3
 Cause Fear               Hex            0%         N/A       100%        4
 Passage of Golubria      Tloc           N/A        N/A       100%        4
 Yara's Violent Unravell  Hex/Tmut       0%         3d3       100%        5
 Discord                  Hex            0%         N/A       100%        8


Dungeon Overview and Level Annotations

Branches:
Dungeon (5/15)             Temple (1/1) D:4

Altars:
Cheibriados
Dithmenos
Fedhas
Gozag
Hepliaklqana
Kikubaaqudgha
Makhleb
Nemelex Xobeh
Okawaru
Qazlal
Ru
Sif Muna
Trog
Uskayaw
Vehumet
Wu Jian
Zin

Shops:
D:1 *   D:4 [   D:5 [


Innate Abilities, Weirdness & Mutations

You are immune to sickness and miasma.
Your stone body is resilient. (AC +4)
You are immune to poison.
You resist negative energy. (rN+)
You are resistant to electric shocks. (rElec)
You are resistant to unholy torment.
You are immune to petrification.
You are frail. (-10% HP)
You have an increased reservoir of magic. (+10% MP)
Potions are less effective at restoring your health.


Message History

You hear some strange, mumbled words.
Something tries to affect you, but you resist.
You hear a zap.
Your mind is blasted!
It was a potion of degeneration.
There was something very wrong with that liquid.
You feel weakened.
You feel dopey.
You feel clumsy.
A puff of flame appears from out of thin air!
The puff of flame hits you.
* * * LOW HITPOINT WARNING * * *
You feel very mighty all of a sudden.
It was a potion of brilliance.
You feel clever all of a sudden.
It was a potion of cancellation.
Your magical effects are unravelling.
You feel magically purged.
You feel a little less mighty now.
You feel a little less clever now. Something hits you but does no damage.
It was a potion of curing.
You feel better. Something hits you but does no damage.
Okay, then.
As you read the scroll labelled QIJYGH TUNEU, it crumbles to dust.
It is a scroll of enchant armour.
Your +0 scale mail glows green for a moment.
You hear some strange, mumbled words.
You are confused.
You are too confused!
It was a potion of mutation.
You feel extremely strange.
You feel frail.
You feel more energetic.
Your system partially rejects the healing effects of potions.
Something hits you.
Your system partially rejects the healing.
You feel better. Something hits you but does no damage.
It was a potion of haste.
You feel yourself speed up.
You hear a zap.
Your mind is blasted!
You hear a zap.
Your mind is blasted!
Ouch! That really hurt!
You die...

...# #.#.#
#.#.### ######
#...... #.....
##.... #....#
#...#
#....########...#
#..........@....#
#...o#########..#
#.....##### #..#
#.....{o.z# #.##
#.>..####z# #.##
###### #.# #.)###
#o# ##...# #z##
###..# #oz# ##.#


You could see an orc.

Vanquished Creatures
  An ice beast (D:8)
  A scorpion (D:5)
  A wight (D:8)
  4 iguanas
  An orc wizard (D:5)
  A hound skeleton (D:4)
  2 adders
  A worm (D:2)
  2 dart slugs (D:1)
  10 orcs
  7 endoplasms
  4 giant cockroaches
  8 goblins
  5 hobgoblins
  11 jackals
  5 kobolds
  4 quokkas
  A ball python (D:4)
  6 bats
  5 frilled lizards
80 creatures vanquished.

Vanquished Creatures (others)
  A fungus (D:1)
  A plant (D:1)
2 creatures vanquished.

Grand Total: 82 creatures vanquished

Notes
Turn   | Place    | Note
-------+----------+-------------------------------------------
     0 | D:1      | oldriver the Gargoyle Fighter began the quest for the Orb.
     0 | D:1      | Reached XP level 1. HP: 14/14 MP: 1/1
   481 | D:1      | Found a faded altar of an unknown god.
   501 | D:1      | Reached XP level 2. HP: 18/19 MP: 2/2
   708 | D:1      | Found Zomnymox's General Store.
  1147 | D:1      | Reached XP level 3. HP: 22/24 MP: 3/3
  2415 | D:2      | Reached XP level 4. HP: 23/29 MP: 4/4
  3022 | D:3      | Found a shimmering blue altar of Sif Muna.
  3163 | D:3      | Reached skill level 3 in Maces & Flails
  3370 | D:4      | Found Motuvas's Armour Shoppe.
  3373 | D:4      | Found a staircase to the Ecumenical Temple.
  3466 | Temple   | Entered the Ecumenical Temple
  3663 | Temple   | Became a worshipper of Qazlal Stormbringer
  3890 | D:4      | Reached XP level 5. HP: 33/33 MP: 5/5
  4273 | D:4      | Reached skill level 4 in Maces & Flails
  4860 | D:5      | Entered Level 5 of the Dungeon
  4868 | D:5      | Reached XP level 6. HP: 29/38 MP: 6/6
  5325 | D:5      | Reached skill level 1 in Dodging
  5545 | D:5      | Found Xilov's Antique Armour Boutique.
  5586 | D:5      | You fall into a shaft and drop 3 floors!
  5629 | D:8      | Noticed an ice beast
  5638 | D:8      | Killed an ice beast
  5639 | D:8      | Reached skill level 5 in Maces & Flails
  5805 | D:8      | Reached XP level 7. HP: 22/44 MP: 7/7
  5968 | D:8      | Gained mutation: You are frail. (-10% HP) [potion of
                  | mutation]
  5968 | D:8      | Gained mutation: You have an increased reservoir of magic.
                  | (+10% MP) [potion of mutation]
  5968 | D:8      | Gained mutation: Potions are less effective at restoring
                  | your health. [potion of mutation]
  5979 | D:8      | Blown up by an orc wizard

Illustrated notes

Levels and vault maps discovered:
D:1:      onia_arrival_mini_maze, layout_basic,
          shapermc_ecumenical_altar_mp_urbaneastern, serial_shops,
          nicolae_shop_crystal
D:2:      layout_basic
D:3:      layout_basic, lemuel_blue_sif_altar
D:4:      layout_basic, minmay_temple_entry_glass, serial_shops, shop,
          eino_small_chamber_without_monster, chequers_serial_rivers_micro_a,
          serial_bayou_pond_e
D:5:      layout_loops_corners, serial_shops, nicolae_shop_trees
D:8:      minmay_bloctagon_deflated, layout_rooms,
          ebering_ghost_reflecting_pool, minmay_joined_circles
Temple:   regret_index_temple_sphere_string

Skill      XL: |  1  2  3  4  5  6 |
---------------+-------------------+-----
Fighting       | 4 |  4.4
Maces & Flails | 3 4 5 |  5.1
Armour         | 4 |  4.9
Dodging        | 1 |  1.1
Shields        | 4 |  4.0
Stealth        | |  0.2

Action                   |  1- 3 |  4- 6 |  7- 9 || total
-------------------------+-------+-------+-------++-------
Melee: Flail             |   154 |   168 |       ||   322
       Mace              |       |       |     5 ||     5
  Use: Potion            |       |     1 |     8 ||     9
       Scroll            |       |       |     1 ||     1
Armor: Scale mail        |    85 |    73 |     4 ||   162
Dodge: Dodged            |    79 |    99 |     2 ||   180
Block: Buckler           |    29 |    47 |       ||    76

Table legend: (Time is in decaauts)
 A = Elapsed time spent in this place.
 B = Non-inter-level travel time spent in this place.
 C = Inter-level travel time spent in this place.
 D = Time resting spent in this place.
 E = Time spent auto-exploring this place.
 F = Levels seen in this place.
 G = Mean time per level.
                   A        B        C        D        E       F      G
               +--------+--------+--------+--------+--------+-----+--------+
         Total |   6064 |   5971 |     93 |   1839 |   3260 |   7 |  866.3 |
       Dungeon |   5838 |   5773 |     65 |   1839 |   3132 |   6 |  973.0 |
        Temple |    225 |    197 |     28 |      0 |    128 |   1 |  225.0 |
               +--------+--------+--------+--------+--------+-----+--------+

Top non-repeatable levels by time:
     D:1: 1711 daAuts
     D:3: 1078 daAuts
     D:4: 1060 daAuts
     D:2: 862 daAuts
     D:5: 733 daAuts
     D:8: 392 daAuts
  Temple: 225 daAuts
